 Dungeon Crawl Stone Soup version 0.17-a0-530-gbe3d13a (webtiles) character file.

64 Fluffy the Slasher (level 3, -15/27 HPs)
             Began as a Demonspawn Gladiator on Apr 12, 2015.
             Demolished by Robin
             ... wielding a +11 club
              (16 damage)
             ... on level 2 of the Dungeon.
             The game lasted 00:04:59 (1571 turns).

Fluffy the Slasher (Demonspawn Gladiator)           Turns: 1571, Time: 00:05:00

Health: -15/27     AC: 10    Str: 16    XL:     3   Next: 91%
Magic:  3/3        EV: 10    Int:  9    God:
Gold:   90         SH:  0    Dex: 18    Spells: 0 memorised, 2 levels left

rFire  . . .     SeeInvis .     a - +0 long sword
rCold  . . .     Clarity  +     e - +0 plate armour
rNeg   . . .     SustAb   .     (no shield)
rPois  .         Gourm    .     (helmet restricted)
rElec  .         Spirit   .     (no cloak)
rCorr  .         Warding  .     (no gloves)
rMut   .         Stasis   .     (no boots)
MR     .....                    i - amulet of clarity
Stlth  ..........               (no ring)
                                (no ring)

@: agile, not resistant to hostile enchantments, extremely unstealthy
A: horns 1, spiny 1
a: no special abilities


You were on level 2 of the Dungeon.
You were not hungry.

You visited 1 branch of the dungeon, and saw 2 of its levels.

You collected 90 gold pieces.

Inventory:

Hand weapons
 a - a +0 long sword (weapon)
Missiles
 d - 3 throwing nets (quivered)
Armour
 e - a +0 plate armour (worn)
Jewellery
 i - an amulet of clarity (around neck)
Scrolls
 b - 2 scrolls of teleportation {unknown}
 g - 2 scrolls of remove curse {unknown}
 h - a scroll of immolation {unknown}
 j - a scroll of fog {unknown}
 n - a scroll of recharging {unknown}
 p - a scroll of blinking {unknown}
 q - a scroll of random uselessness {unknown}
 s - 2 scrolls of identify {unknown}
Potions
 c - a potion of agility
 l - a potion of restore abilities {unknown}
 m - a potion of flight {unknown}
 o - 2 potions of curing {unknown}
Comestibles
 f - 2 bread rations
 k - a beef jerky


   Skills:
 - Level 2.0 Fighting
 + Level 3.9 Long Blades
 - Level 1.7 Throwing
 + Level 1.7 Armour
 - Level 2.6 Dodging


You had 2 spell levels left.
You didn't know any spells.

Dungeon Overview and Level Annotations

Branches:
Dungeon (2/15)

Altars:

Annotations:
D:2 Jessica, Robin


Innate Abilities, Weirdness & Mutations

You have a pair of small horns on your head.
You are partially covered in sharp spines.


Message History

Jessica gestures wildly.
The goblin hits you but does no damage.
Robin roars a battlecry!
The goblin goes into a battle-frenzy!
Robin drinks a potion.
Robin seems to grow stronger.
Robin is struck by your spines. Robin hits you with an enchanted club.
You see here a giant newt corpse.
You hit Robin. You headbutt Robin.
Robin is heavily wounded.
The goblin hits you but does no damage. Robin hits you with an enchanted club!
* * * LOW HITPOINT WARNING * * *
All of the chunks of flesh in your inventory have rotted away.
Unknown command.
Drink which item? (? for menu, Esc to quit)
It was a potion of agility.
You feel agile all of a sudden.
The goblin hits you but does no damage. x2
Robin hits you with an enchanted club!
Ouch! That really hurt!
You die...

...............#..
#.#.###.###
..##########.#####
#.........#
.........# #.#
#.........#
....)....# #.#
#####.........#
#........# #.#
#.............#
#........# #.#
#.####........#
#........# #.# #@#
##.###.###
#........# #†# #g#
#.# #.# #........#
#.# #@# #.# #.#
#........# #.#
#gg.....# #.#
#........###.#
#..?.#### #.#
#..........((#
#.?.... ...
#######.######
......... .
#†#....# #.......
#.#..#.# ......!
#.####.# .##...
#......# .


You could see Robin, Jessica and 2 goblins.

Vanquished Creatures
  A gnoll (D:1)
  An ooze (D:1)
  3 bats
  9 hobgoblins
  6 jackals (D:1)
  6 kobolds
  5 giant cockroaches (D:1)
  3 giant newts
  9 goblins
  3 rats (D:1)
46 creatures vanquished.

Notes
Turn   | Place    | Note
--------------------------------------------------------------
     0 | D:1      | Fluffy, the Demonspawn Gladiator, began the quest for the Orb.
     0 | D:1      | Reached XP level 1. HP: 16/16 MP: 1/1
    18 | D:1      | Reached skill level 3 in Long Blades
    18 | D:1      | Gained mutation: You have a pair of small horns on your head. [demonic ancestry]
    18 | D:1      | Reached XP level 2. HP: 2/22 MP: 2/2
   643 | D:1      | Gained mutation: You are partially covered in sharp spines. [demonic ancestry]
   643 | D:1      | Reached XP level 3. HP: 20/27 MP: 3/3
   661 | D:1      | Reached skill level 1 in Armour
  1551 | D:2      | Noticed Jessica
  1551 | D:2      | Noticed Robin
  1570 | D:2      | HP: 1/27 [Robin/enchanted club (9)]
  1571 | D:2      | Demolished by Robin

Action                   || total
-------------------------++-------
Melee: Long sword        ||   140
  Use: Potion            ||     1
  Eat: Chunk             ||     2
